cohdb
Replays
Latest Replays
All Replays
Popular Replays
Top Player Replays
Match Explorer
How It Works
Community
CoH3 Stats
Reddit
Sign in to upload your games and track your stats! →
Sign in with Steam
Match 45330156
Unlisted
Match 45330156
Overview
Messages
Build Orders
End
Construct Barracks
Riflemen Squad
Riflemen Squad
Selects Airborne Battlegroup
Selects Heavy Machine Gun Paradrop
Heavy Machine Gun Paradrop
Air Support Center
Selects Paratrooper Squad Paradrop
Paratrooper Squad Paradrop
Construct Motor Pool
Grasshopper Recon Run
P-47 Strafing Run
Paratrooper Squad Paradrop
P-47 Dive Bomb
M24 Chaffee Light Tank
Grasshopper Recon Run
Engineer Squad
P-47 Dive Bomb
Longbowmen80
Fungers 🌹
娘希匹,优势在我!
Krötentöten
Toasty McToastFace
Thunderhill
Keamy
Dlezzer
0
0
Comments
sign in to comment!
No comments posted yet!